 Dungeon Sprint DCSS version 0.16-a0-4004-g8d6611c (webtiles) character file.

700000 PolkaDot the Fighter (level 11, -1/100 HPs)
             Began as a Demonspawn Gladiator on Feb 15, 2015.
             Was an Initiate of Makhleb.
             Slain by a bag of meat
             ... wielding a +9 war axe
              (40 damage)
             ... in the Dungeon (Sprint VIII: "Arena of Blood").
             The game lasted 00:00:54 (7 turns).

PolkaDot the Fighter (Demonspawn Gladiator)            Turns: 7, Time: 00:00:54

Health: -1/100     AC:  4    Str: 15    XL:     11   Next: 37%
Magic:  11/11      EV: 25    Int: 11    God:    Makhleb [......]
Gold:   0          SH:  0    Dex: 22    Spells: 0 memorised, 10 levels left

rFire  . . .     SeeInvis .     k - +∞ Axe of Woe
rCold  + . .     Clarity  .     b - +0 leather armour
rNeg   . . .     SustAb   .     (no shield)
rPois  .         Gourm    .     c - +0 helmet
rElec  .         Spirit   .     (no cloak)
rCorr  .         Warding  .     (no gloves)
rMut   .         NoTele   +     (no boots)
MR     .....                    (no amulet)
Stlth  +++.......               (no ring)
                                (no ring)

@: not resistant to hostile enchantments, fairly stealthy
A: talons 1, thin skeletal structure 3, cold resistance 1, foul stench 1, rot
immunity, freezing cloud immunity
a: Renounce Religion


You were in the Dungeon.
You worshipped Makhleb.
Makhleb was noncommittal.
You were not hungry.

You visited 1 branch

Inventory:

Hand weapons
 k - the +∞ Axe of Woe (weapon)
   (You found it in the Dungeon)
Missiles
 d - 3 throwing nets (quivered)
Armour
 b - a +0 leather armour (worn)
 c - a +0 helmet (worn)
Scrolls
 j - a scroll of blinking
Potions
 e - a potion of curing
 f - a potion of heal wounds
 g - a potion of haste
 h - 2 potions of magic
 i - a potion of berserk rage
Comestibles
 a - a bread ration


   Skills:
 + Level 14.0 Fighting
 + Level 13.0 Throwing
 + Level 13.2 Dodging
 + Level 13.2 Unarmed Combat


You had 10 spell levels left.
You didn't know any spells.

Dungeon Overview and Level Annotations

Branches:
Dungeon (1/1)

Altars:
Makhleb


Innate Abilities, Weirdness & Mutations

You have sharp toenails.
You have an unnaturally thin skeletal structure (Dex +6, Stealth++).
Your flesh is cold resistant.
You emit a foul stench.
You are immune to rotting.
You are immune to freezing clouds.


Message History

You have reached level 9!
Your experience leads to an increase in your attributes!
Increase (S)trength, (I)ntelligence, or (D)exterity?
You feel agile.
Your demonic ancestry asserts itself...
You begin to emit a foul stench of rot and decay.
You have reached level 10!
You have reached level 11!
Your demonic ancestry asserts itself...
Your bones become less dense.
You hear a shout! x11 2 orcs come into view.
Unknown command.
You hear a shout! x3
The bag of meat appears out of thin air!
A bag of meat comes into view. It is wielding a +9 war axe.
You hear a shout!
A bag of meat comes into view. It is wielding a +9 war axe.
You hear a shout! x9
The bag of meat hits you with a +9 war axe!!!
You die...

... o..... .....
.. #.... .# ..
#... ..#
..o###... ..###.
........###......
#......o._.....o
#@....# #_.<._#
#o....#
....._......
......###......
..###... ..###.
#... ..# #... .#
o.... ..


You could see 5 bags of meat.

Vanquished Creatures
  An ogre (D)
1 creature vanquished.

Notes
Turn   | Place    | Note
--------------------------------------------------------------
     0 | D        | PolkaDot, the Demonspawn Gladiator, began the quest for the Orb.
     0 | D        | Reached XP level 1. HP: 16/16 MP: 1/1
     3 | D        | Noticed a meat berserker
     4 | D        | Became a worshipper of Makhleb the Destroyer
     5 | D        | Noticed a bag of meat
     5 | D        | Killed a meat berserker
     5 | D        | Reached skill level 14 in Fighting
     5 | D        | Gained mutation: Your flesh is cold resistant. [demonic ancestry]
     5 | D        | Reached XP level 2. HP: 19/42 MP: 2/2
     5 | D        | Gained mutation: You are immune to freezing clouds. [demonic ancestry]
     5 | D        | Reached XP level 3. HP: 21/48 MP: 3/3
     5 | D        | Reached XP level 4. HP: 24/55 MP: 4/4
     5 | D        | Gained mutation: You have sharp toenails. [demonic ancestry]
     5 | D        | Reached XP level 5. HP: 26/61 MP: 5/5
     5 | D        | Gained mutation: You have a somewhat thin skeletal structure (Dex +2, Stealth). [demonic ancestry]
     5 | D        | Reached XP level 6. HP: 28/68 MP: 6/6
     5 | D        | Gained mutation: You are immune to rotting. [demonic ancestry]
     5 | D        | Reached XP level 7. HP: 30/74 MP: 7/7
     5 | D        | Gained mutation: You have a moderately thin skeletal structure (Dex +4, Stealth+). [demonic ancestry]
     5 | D        | Reached XP level 8. HP: 32/81 MP: 8/8
     5 | D        | Gained mutation: You emit a foul stench. [demonic ancestry]
     5 | D        | Reached XP level 9. HP: 34/87 MP: 9/9
     5 | D        | Reached XP level 10. HP: 36/94 MP: 10/10
     5 | D        | Gained mutation: You have an unnaturally thin skeletal structure (Dex +6, Stealth++). [demonic ancestry]
     5 | D        | Reached XP level 11. HP: 38/100 MP: 11/11
     6 | D        | Noticed a bag of meat
     6 | D        | Noticed a bag of meat
     7 | D        | Noticed a bag of meat
     7 | D        | Noticed a bag of meat
     7 | D        | Slain by a bag of meat

Action                   |  1- 3 |  4- 6 |  7- 9 | 10-12 || total
-------------------------+-------+-------+-------+-------++-------
Melee: Executioner's axe |     1 |       |       |       ||     1
